3AAA
WARWICK HUNCHBACKS @ GRYFINDOR BRAVES
08/23/2018
 
TOP OF THE 1ST
Warwick Hunchbacks batting - Pitching for Gryfindor Braves : RHP Jim Unknown
Pitching: RHP Jim Unknown
Batting: LHB Dave Harris 0-0: Ball
1-0: Reached on error, E2 (Groundball, 2R)
Batting: RHB Jim Browning 0-0: Called Strike
0-1: Called Strike
0-2: Foul Ball, location: 2F
0-2: Ball
1-2: SINGLE (Line Drive, 89S)
Dave Harris to second
Batting: LHB David Hubbard 0-0: SINGLE (Groundball, 4MD)
Dave Harris to third
Jim Browning to second
Batting: RHB Steve Brewer 0-0: Ball
1-0: Called Strike
1-1: Grounds into double play, U4-3 (Groundball, 4M)
Dave Harris scores
Jim Browning to third
Batting: RHB Jesús Castro 0-0: Ball
1-0: Called Strike
1-1: Foul Ball, location: 2F
1-2: Ground out 6-3 (Groundball, 6)
Top of the 1st over - 1 run(s), 2 hit(s), 1 error(s), 1 left on base; Warwick 1 - Gryfindor 0
BOTTOM OF THE 1ST
Gryfindor Braves batting - Pitching for Warwick Hunchbacks : RHP Willie Cameron
Pitching: RHP Willie Cameron
Batting: RHB Jim Unknown 0-0: Ball
1-0: Ball
2-0: Ball
3-0: Called Strike
3-1: Base on Balls
Batting: RHB Jim Unknown 0-0: Fly out, F9 (Line Drive, 9M)
Batting: RHB Pedro Cruz 0-0: Ground out 2-3 (Groundball, 25)
Jim Unknown to second
Batting: RHB Kyle Wilson 0-0: Ball
1-0: Foul Ball, location: 2F
1-1: Foul Ball, location: 2F
1-2: Ball
2-2: Ball
3-2: Strikes out looking
Bottom of the 1st over - 0 run(s), 0 hit(s), 0 error(s), 1 left on base; Warwick 1 - Gryfindor 0
TOP OF THE 2ND
Warwick Hunchbacks batting - Pitching for Gryfindor Braves : RHP Jim Unknown
Batting: RHB José Reyes 0-0: Swinging Strike
0-1: SINGLE (Flyball, 4D)
Batting: LHB Ted Cracknell 0-0: Ball
1-0: Grounds into double play, U6-3 (Groundball, 6)
Batting: SHB Joshua Barnes 0-0: Ball
1-0: Fly out, F7 (Flyball, 7LS)
Top of the 2nd over - 0 run(s), 1 hit(s), 0 error(s), 0 left on base; Warwick 1 - Gryfindor 0
BOTTOM OF THE 2ND
Gryfindor Braves batting - Pitching for Warwick Hunchbacks : RHP Willie Cameron
Batting: RHB Jim Unknown 0-0: Ball
1-0: Foul Ball, location: 2F
1-1: Ball
2-1: Foul Ball, location: 2F
2-2: SINGLE (Line Drive, 7LS)
Batting: LHB Jim Unknown 0-0: Called Strike
0-1: SINGLE (Groundball, 4M)
Jim Unknown to second
Batting: LHB Jim Unknown 0-0: Called Strike
0-1: Fly out, F4 (Popup, 8RS)
Batting: RHB Jim Unknown 0-0: Ball
1-0: Fly out, F8 (Line Drive, 8LXD)
Runner from 2nd tags up, SAFE at 3rd, no throw
Batting: RHB Jim Unknown 0-0: Called Strike
0-1: Ball
1-1: Ball
2-1: Foul Ball, location: 2F
2-2: Foul Ball, location: 2F
2-2: 3-RUN HOME RUN (Line Drive, 9D), Distance : 381 ft
Batting: RHB Jim Unknown 0-0: Called Strike
0-1: Foul Ball, location: 2F
0-2: Strikes out swinging
Bottom of the 2nd over - 3 run(s), 3 hit(s), 0 error(s), 0 left on base; Warwick 1 - Gryfindor 3
TOP OF THE 3RD
Warwick Hunchbacks batting - Pitching for Gryfindor Braves : RHP Jim Unknown
Batting: RHB Octávio Castaneda 0-0: Bunted foul
0-1: Ball
1-1: Ball
2-1: Ball
3-1: Base on Balls
Batting: LHB Dave Harris 0-0: Called Strike
0-1: Ball
1-1: Ball
2-1: Foul Ball, location: 2F
2-2: Ball
3-2: Ground out 3-1 (Groundball, 34)
Octávio Castaneda to second
Batting: RHB Jim Browning 0-0: Swinging Strike
0-1: Ball
1-1: Ball
2-1: Ball
3-1: Base on Balls
Batting: LHB David Hubbard 0-0: Called Strike
0-1: Swinging Strike
0-2: Ball
1-2: Foul Ball, location: 2F
1-2: Ball
2-2: Grounds into double play, 4-6-3 (Groundball, 4)
Top of the 3rd over - 0 run(s), 0 hit(s), 0 error(s), 1 left on base; Warwick 1 - Gryfindor 3
BOTTOM OF THE 3RD
Gryfindor Braves batting - Pitching for Warwick Hunchbacks : RHP Willie Cameron
Batting: RHB Jim Unknown 0-0: Foul Ball, location: 2F
0-1: Ball
1-1: Ball
2-1: Ground out 5-3 (Groundball, 5S)
Batting: RHB Pedro Cruz 0-0: Called Strike
0-1: SINGLE (Groundball, 6M)
Batting: RHB Kyle Wilson 0-0: Swinging Strike
0-1: Foul Ball, location: 2F
0-2: Ball
1-2: Ball
2-2: Foul Ball, location: 2F
2-2: Foul Ball, location: 2F
2-2: Foul Ball, location: 2F
2-2: Grounds into double play, 5-4-3 (Groundball, 56)
Bottom of the 3rd over - 0 run(s), 1 hit(s), 0 error(s), 0 left on base; Warwick 1 - Gryfindor 3
TOP OF THE 4TH
Warwick Hunchbacks batting - Pitching for Gryfindor Braves : RHP Jim Unknown
Batting: RHB Steve Brewer 0-0: Foul Ball, location: 2F
0-1: Fly out, F3 (Popup, 3S)
Batting: RHB Jesús Castro 0-0: Called Strike
0-1: Foul Ball, location: 2F
0-2: SINGLE (Groundball, 3L)
Batting: RHB José Reyes 0-0: Foul Ball, location: 2F
0-1: Swinging Strike
0-2: Foul Ball, location: 2F
0-2: Strikes out swinging
Batting: LHB Ted Cracknell 0-0: Fly out, F9 (Flyball, 89M)
Top of the 4th over - 0 run(s), 1 hit(s), 0 error(s), 1 left on base; Warwick 1 - Gryfindor 3
BOTTOM OF THE 4TH
Gryfindor Braves batting - Pitching for Warwick Hunchbacks : RHP Willie Cameron
Batting: RHB Jim Unknown 0-0: Called Strike
0-1: Ball
1-1: Ball
2-1: Called Strike
2-2: Fly out, F4 (Popup, 4D)
Batting: LHB Jim Unknown 0-0: Ball
1-0: Called Strike
1-1: Foul Ball, location: 2F
1-2: Ball
2-2: Foul Ball, location: 2F
2-2: SINGLE (Line Drive, 89S)
Batting: LHB Jim Unknown 0-0: Called Strike
0-1: Ball
1-1: Foul Ball, location: 2F
1-2: Strikes out swinging
Batting: RHB Jim Unknown 0-0: Called Strike
0-1: Fly out, F3 (Popup, 3DF)
Bottom of the 4th over - 0 run(s), 1 hit(s), 0 error(s), 1 left on base; Warwick 1 - Gryfindor 3
TOP OF THE 5TH
Warwick Hunchbacks batting - Pitching for Gryfindor Braves : RHP Jim Unknown
Batting: SHB Joshua Barnes 0-0: Foul Ball, location: 2F
0-1: Called Strike
0-2: Foul Ball, location: 2F
0-2: Ground out 1-3 (Groundball, 13)
Batting: RHB Octávio Castaneda 0-0: Called Strike
0-1: Ball
1-1: Foul Ball, location: 2F
1-2: Strikes out swinging
Batting: LHB Dave Harris 0-0: Ball
1-0: Foul Ball, location: 2F
1-1: Ball
2-1: Bunt for hit - play at first, batter OUT! 1-4
Top of the 5th over - 0 run(s), 0 hit(s), 0 error(s), 1 left on base; Warwick 1 - Gryfindor 3
BOTTOM OF THE 5TH
Gryfindor Braves batting - Pitching for Warwick Hunchbacks : RHP Willie Cameron
Batting: RHB Jim Unknown 0-0: Swinging Strike
0-1: DOUBLE (Groundball, 3L)
Batting: RHB Jim Unknown 0-0: Called Strike
0-1: Foul Ball, location: 2F
0-2: Foul Ball, location: 2F
0-2: Strikes out swinging
Batting: RHB Jim Unknown 0-0: Foul Ball, location: 2F
0-1: Ground out 4-3 (Groundball, 34)
Jim Unknown to third
Batting: RHB Pedro Cruz 0-0: Called Strike
0-1: Foul Ball, location: 2F
0-2: Ball
1-2: Ball
2-2: Fly out, F8 (Flyball, 8LXD)
Bottom of the 5th over - 0 run(s), 1 hit(s), 0 error(s), 1 left on base; Warwick 1 - Gryfindor 3
TOP OF THE 6TH
Warwick Hunchbacks batting - Pitching for Gryfindor Braves : RHP Jim Unknown
Batting: RHB Jim Browning 0-0: Called Strike
0-1: Bunted foul
0-2: DOUBLE (Groundball, 5L)
Batting: LHB David Hubbard 0-0: Ground out 6-3 (Groundball, 6)
Batting: RHB Steve Brewer 0-0: Ball
1-0: Foul Ball, location: 2F
1-1: Ball
2-1: Swinging Strike
2-2: Foul Ball, location: 2F
2-2: Ball
3-2: Foul Ball, location: 2F
3-2: Fly out, F5 (Popup, 5F)
Batting: RHB Jesús Castro 0-0: Foul Ball, location: 2F
0-1: Ground out 4-3 (Groundball, 4)
Top of the 6th over - 0 run(s), 1 hit(s), 0 error(s), 1 left on base; Warwick 1 - Gryfindor 3
BOTTOM OF THE 6TH
Gryfindor Braves batting - Pitching for Warwick Hunchbacks : RHP Willie Cameron
Batting: RHB Kyle Wilson 0-0: Ball
1-0: Ball
2-0: Ball
3-0: Called Strike
3-1: Fly out, F9 (Flyball, 89M)
Batting: RHB Jim Unknown 0-0: Ball
1-0: Ball
2-0: Foul Ball, location: 2F
2-1: Fly out, F7 (Flyball, 7M)
Batting: LHB Jim Unknown 0-0: Ball
1-0: Ball
2-0: Foul Ball, location: 2F
2-1: Foul Ball, location: 2F
2-2: Ball
3-2: Strikes out swinging
Bottom of the 6th over - 0 run(s), 0 hit(s), 0 error(s), 0 left on base; Warwick 1 - Gryfindor 3
TOP OF THE 7TH
Warwick Hunchbacks batting - Pitching for Gryfindor Braves : RHP Jim Unknown
Batting: RHB José Reyes 0-0: Ball
1-0: Ball
2-0: Foul Ball, location: 2F
2-1: Ball
3-1: Foul Ball, location: 2F
3-2: Base on Balls
Batting: LHB Ted Cracknell 0-0: Bunt missed!
0-1: Sac Bunt - play at first, batter OUT! 3-4
José Reyes to second
Batting: SHB Joshua Barnes 0-0: Fly out, F7 (Flyball, 7M)
Batting: RHB Octávio Castaneda 0-0: Called Strike
0-1: Ball
1-1: Ball
2-1: Fly out, F9 (Flyball, 9S)
Top of the 7th over - 0 run(s), 0 hit(s), 0 error(s), 1 left on base; Warwick 1 - Gryfindor 3
BOTTOM OF THE 7TH
Gryfindor Braves batting - Pitching for Warwick Hunchbacks : RHP Willie Cameron
Batting: LHB Jim Unknown 0-0: Called Strike
0-1: Ball
1-1: Swinging Strike
1-2: Hit by Pitch
Batting: RHB Jim Unknown 0-0: Grounds into double play, 5-4-3 (Groundball, 56)
Batting: RHB Jim Unknown 0-0: Ball
1-0: Called Strike
1-1: Swinging Strike
1-2: Foul Ball, location: 2F
1-2: Foul Ball, location: 2F
1-2: DOUBLE (Flyball, 8RXD)
Batting: RHB Jim Unknown 0-0: Fly out, F6 (Popup, 5DF)
Bottom of the 7th over - 0 run(s), 1 hit(s), 0 error(s), 1 left on base; Warwick 1 - Gryfindor 3
TOP OF THE 8TH
Warwick Hunchbacks batting - Pitching for Gryfindor Braves : RHP Jim Unknown
Batting: LHB Dave Harris 0-0: Swinging Strike
0-1: Ball
1-1: Swinging Strike
1-2: Strikes out looking
Pitching: LHP Jim Unknown
Batting: RHB Jim Browning 0-0: Ball
1-0: Called Strike
1-1: Called Strike
1-2: Foul Ball, location: 2F
1-2: Foul Ball, location: 2F
1-2: Ball
2-2: Foul Ball, location: 2F
2-2: SINGLE (Groundball, 56D)
Batting: LHB David Hubbard 0-0: Foul Ball, location: 2F
0-1: Ball
1-1: Ball
2-1: Foul Ball, location: 2F
2-2: Foul Ball, location: 2F
2-2: Strikes out looking
Batting: RHB Steve Brewer 0-0: Called Strike
0-1: SINGLE (Line Drive, 34D)
Jim Browning to second
Batting: RHB Jesús Castro 0-0: Foul Ball, location: 2F
0-1: Ground out U3 (Groundball, 3)
Top of the 8th over - 0 run(s), 2 hit(s), 0 error(s), 2 left on base; Warwick 1 - Gryfindor 3
BOTTOM OF THE 8TH
Gryfindor Braves batting - Pitching for Warwick Hunchbacks : RHP Willie Cameron
Batting: RHB Jim Unknown 0-0: Called Strike
0-1: Fly out, F6 (Popup, 8LS)
Batting: RHB Pedro Cruz 0-0: Called Strike
0-1: Ball
1-1: Ball
2-1: Ball
3-1: Foul Ball, location: 2F
3-2: Foul Ball, location: 2F
3-2: SINGLE (Flyball, 78S)
Batting: RHB Kyle Wilson 0-0: Ball
1-0: Foul Ball, location: 2F
1-1: Ground out 3-1 (Groundball, 34S)
Pedro Cruz to second
Pitching: LHP Rocky Russell
Batting: RHB Jim Unknown 0-0: Ground out 6-3 (Groundball, 6)
Bottom of the 8th over - 0 run(s), 1 hit(s), 0 error(s), 1 left on base; Warwick 1 - Gryfindor 3
TOP OF THE 9TH
Warwick Hunchbacks batting - Pitching for Gryfindor Braves : LHP Jim Unknown
Batting: RHB José Reyes 0-0: Called Strike
0-1: Ball
1-1: Ball
2-1: Foul Ball, location: 2F
2-2: Strikes out looking
Batting: LHB Ted Cracknell 0-0: Swinging Strike
0-1: Ball
1-1: SINGLE (Line Drive, 3D)
Pinch Hitting: RHB Juan Sánchez 0-0: Called Strike
0-1: Ball
1-1: SINGLE (Groundball, 4M)
Ted Cracknell to second
Pinch Hitting: RHB John Huff 0-0: Ball
1-0: Called Strike
1-1: Swinging Strike
1-2: Ball
2-2: SINGLE (Groundball, 56D)
Ted Cracknell to third
Juan Sánchez to second
Batting: LHB Dave Harris 0-0: Ball
1-0: Called Strike
1-1: Swinging Strike
1-2: Strikes out swinging
Batting: RHB Jim Browning 0-0: Ball
1-0: Ball
2-0: Swinging Strike
2-1: Foul Ball, location: 2F
2-2: Ball
3-2: Base on Balls
Ted Cracknell scores
Juan Sánchez to third
John Huff to second
Batting: LHB David Hubbard 0-0: SINGLE (Line Drive, 89S)
Juan Sánchez scores
John Huff to third
Jim Browning to second
Pitching: RHP Jim Unknown
Pinch Hitting: SHB Vasco Paradela 0-0: Swinging Strike
0-1: Swinging Strike
0-2: Ball
1-2: Strikes out swinging
Top of the 9th over - 2 run(s), 4 hit(s), 0 error(s), 3 left on base; Warwick 3 - Gryfindor 3
BOTTOM OF THE 9TH
Gryfindor Braves batting - Pitching for Warwick Hunchbacks : LHP Rocky Russell
Pitching: RHP Pete Poirot
Now at 2B: Julián Rocha
Now at 3B: John Huff
Now in RF: Vasco Paradela
Batting: LHB Jim Unknown 0-0: Ground out U3 (Groundball, 3)
Batting: LHB Jim Unknown 0-0: Ground out 4-3 (Groundball, 4)
Batting: RHB Jim Unknown 0-0: Ball
1-0: Ball
2-0: Ball
3-0: Base on Balls
Batting: RHB Jim Unknown 0-0: Ball
1-0: Fly out, F9 (Flyball, 89S)
Bottom of the 9th over - 0 run(s), 0 hit(s), 0 error(s), 1 left on base; Warwick 3 - Gryfindor 3
TOP OF THE 10TH
Warwick Hunchbacks batting - Pitching for Gryfindor Braves : RHP Jim Unknown
Batting: RHB Jesús Castro 0-0: Called Strike
0-1: Ball
1-1: Ball
2-1: Foul Ball, location: 2F
2-2: Foul Ball, location: 2F
2-2: Ball
3-2: Base on Balls
Batting: RHB José Reyes 0-0: Ball
1-0: Called Strike
1-1: Swinging Strike
1-2: Ball
2-2: Strikes out swinging
Batting: LHB Ted Cracknell 0-0: Swinging Strike
0-1: Called Strike
0-2: Ball
1-2: Ball
2-2: Strikes out swinging
Pinch Hitting: RHB Freddy Scott 0-0: Called Strike
0-1: Ball
1-1: Ball
2-1: Fly out, F8 (Flyball, 8LM)
Top of the 10th over - 0 run(s), 0 hit(s), 0 error(s), 1 left on base; Warwick 3 - Gryfindor 3
BOTTOM OF THE 10TH
Gryfindor Braves batting - Pitching for Warwick Hunchbacks : RHP Pete Poirot
Now at 3B: Mike O'Brien
Pinch Hitting: LHB Jim Unknown 0-0: SOLO HOME RUN (Flyball, 8RXD), Distance : 441 ft
This league is powered by Out of the Park Baseball, the baseball management simulation game for PC, Mac and Linux
Monday, May 4th, 2015 - OOTP Baseball 15.6 Build 34